Cogmind - Beta 16 @@@ ROGUE MODE // 2025.12.24 @ 13:36:05 Player: winnking222 Result: Destroyed by as-35152 with Assembled F-torch Performance ------------- Evolutions (0) 0 Regions Visited (2) 400 Robots Destroyed (24) 120 Value Destroyed (552) 552 Prototype IDs (2) 40 Alien Tech Used (0) 0 Bonus (0) 0 TOTAL SCORE: 1112 Bonus ------- None Cogmind --------- Core Integrity 0/250 Matter 230/300 Energy 100/100 System Corruption 0% Temperature Cool (20) Movement Treading (480) Ox4 Location -10/Mines Parts ------- > --- POWER (1) -------- (None) > --- PROPULSION (2) --- Light Treads > --- UTILITY (2) ------ Huge Storage Unit Seismic Detector > --- WEAPON (2) ------- Assault Rifle > --- INVENTORY (25) --- Flight Unit Flight Unit Flight Unit Flight Unit Flight Unit Flight Unit Flight Unit Medium Storage Unit Large Storage Unit High-capacity Matter Pod (200) Structural Scanner Structural Scanner Seismic Detector Light Armor Plating Light Assault Rifle Grenade Launcher Peak State ------------ > --- POWER ------------ Light Nuclear Core > --- PROPULSION ------- Light Treads Light Treads > --- UTILITY ---------- Huge Storage Unit Seismic Detector > --- WEAPON ----------- Assault Rifle Assault Rifle > --- INVENTORY -------- Flight Unit Flight Unit Flight Unit Flight Unit Flight Unit Flight Unit Flight Unit Medium Storage Unit Large Storage Unit High-capacity Matter Pod Structural Scanner Structural Scanner Seismic Detector Light Armor Plating Light Assault Rifle Grenade Launcher [Rating: 10] Favorites ----------- Power Light Ion Engine Engine Light Ion Engine Power Core Light Nuclear Core Propulsion Light Treads Treads Light Treads Wheel Compact Wheel Utility Seismic Detector Device Seismic Detector Storage Huge Storage Unit Weapon Light Assault Rifle Ballistic Gun Light Assault Rifle Build | -11 -10 -10 ------- Run | Yrd Mat Min Slots Evolved . | . . . Power . | . . . Propulsion . | . . . Utility . | . . . Weapon . | . . . Parts Attached 20 | 6 9 5 Power 4 | 1 1 2 Engine 3 | 1 1 1 Core 1 | . . 1 Reactor . | . . . Propulsion 6 | 2 3 1 Treads 5 | 2 2 1 Leg . | . . . Wheel 1 | . 1 . Hover . | . . . Flight . | . . . Utility 4 | 1 3 . Device 1 | . 1 . Storage 3 | 1 2 . Processor . | . . . Hackware . | . . . Protection . | . . . Artifact . | . . . Weapon 6 | 2 2 2 Energy Gun . | . . . Energy Cannon . | . . . Ballistic Gun 6 | 2 2 2 Ballistic Cannon . | . . . Launcher . | . . . Special Weapon . | . . . Impact Weapon . | . . . Slashing Weapon . | . . . Piercing Weapon . | . . . Special Melee Weapon . | . . . Unidentified Prototypes . | . . . Parts Lost 10 | . 2 8 Power 3 | . 1 2 Propulsion 3 | . . 3 Utility . | . . . Weapon 4 | . 1 3 Highest Loss Streak 5 | . 1 5 To Critical Strikes 1 | . . 1 Average Backups 12 | 6 10 19 Power . | 1 . . Propulsion 6 | 3 6 8 Utility 3 | . 2 6 Weapon 2 | . 1 3 Tool/Special . | . . . Unused Backups 19 | . 4 15 Power . | . . . Propulsion 10 | . 3 7 Utility 7 | . 1 6 Weapon 2 | . . 2 Tool/Special . | . . . Average Slot Usage (%) 99 | . 99 99 Engine 13 | . 13 12 Treads 23 | . 27 16 Wheel 3 | . . 11 Device 13 | . 13 14 Storage 14 | . 14 14 Ballistic Gun 27 | . 28 27 Peak Build Rating 10 | 6 8 10 Average Rating 7 | 5 7 8 On Entrance 4 | . 6 8 Avg Prop Armor Cover (%) 13 | . 13 13 Naked Turns . | . . . Heaviest Build 90 | 11 87 90 Greatest Support 40 | 40 40 40 Greatest Overweight (x) 5 | . 5 5 Average Overweight (x) 1 | . . 4 Largest Inventory Capacity 25 | 8 25 25 Average Capacity 17 | 7 15 25 Most Carried 22 | 8 18 22 Average Carried 12 | 6 10 19 Final Capacity 25 | 8 25 25 Final Carried 17 | 7 17 16 Class Distribution -------------------- 98% | Mutant Dominant Class ---------------- Mutant | -10/Materials Mutant | -10/Mines Resources | -11 -10 -10 ----------- Run | Yrd Mat Min Matter Collected 863 | 324 451 88 Remotely . | . . . Salvage Created 848 | 177 508 163 Parts 54 | 16 32 6 Haulers Intercepted 2 | . 2 . Recyclers Shooed 1 | . 1 . Parts Field Recycled . | . . . Retrieved Matter . | . . . Parts Self-Destructed . | . . . Prevented . | . . . Parts Restored . | . . . Kills | -11 -10 -10 ------- Run | Yrd Mat Min Combat Hostiles Destroyed 17 | . 9 8 Guns 17 | . 9 8 Classes Destroyed 9 | 2 4 3 Builder 1 | . 1 . Tunneler 5 | 5 . . Hauler 2 | . 2 . Recycler 1 | 1 . . Watcher 1 | . 1 . Swarmer 2 | . . 2 Grunt 11 | . 9 2 Demolisher 1 | . . 1 Assembled 3 | . . 3 Best Kill Streak 6 | 3 6 3 Combat Bots Only 6 | . 6 3 Max Kills in Single Turn 1 | 1 1 1 Gunslinging . | . . . Exploded . | . . . Melee . | . . . Uniques/NPCs Destroyed . | . . . Combat | -11 -10 -10 -------- Run | Yrd Mat Min Hostile Shots Fired 123 | . 64 59 Missed 27 | . 17 10 Hits 96 | . 47 49 Melee 6 | . . 6 Projectile 90 | . 47 43 AOE 12 | . . 12 Critical Strikes 2 | . . 2 Part Disruptions 2 | . . 2 Damage Taken 1572 | . 590 982 Core 260 | . 91 169 Absorbed by Shields . | . . . Regen/Repaired (Parts) 122 | . 122 . Core Remaining (%) 100 | 100 . . Volleys Fired 98 | 16 59 23 Largest 2 | 2 2 2 Hottest 40 | 40 40 40 Shots Fired 194 | 32 117 45 Gun 194 | 32 117 45 Cannon . | . . . Launcher . | . . . Special . | . . . Kinetic 194 | 32 117 45 Thermal . | . . . Explosive . | . . . Electromagnetic . | . . . Robot Hit Streak 18 | 12 18 6 Robot Miss Streak 5 | 2 5 4 Penetration Max . | . . . Secondary Targets 2 | . 1 1 Max Gunslinging Chain 1 | . 1 1 Shots Hit Robots 127 | 21 80 26 Core Hits 58 | 9 36 13 Critical Kills . | . . . Critical Parts Destroyed . | . . . Critical Strikes . | . . . Melee Attacks . | . . . Impact . | . . . Slashing . | . . . Piercing . | . . . Sneak Attacks . | . . . Combat Hostiles . | . . . Follow-up Attacks . | . . . Damage Inflicted 1330 | 233 800 297 Guns 1326 | 233 796 297 Cannons . | . . . Explosions . | . . . Melee . | . . . Ramming 4 | . 4 . Kinetic 1326 | 233 796 297 Thermal . | . . . Explosive . | . . . Electromagnetic . | . . . Impact . | . . . Slashing . | . . . Piercing . | . . . Highest Corruption . | . . . Average Corruption . | . . . Corruption Purged . | . . . Corruption Blocked . | . . . Overload Shots . | . . . Overflow Damage . | . . . Projectiles . | . . . Explosions . | . . . Melee . | . . . Knockbacks . | . . . Impact . | . . . Kinetic . | . . . Secondary . | . . . Self-Inflicted Damage . | . . . Shots . | . . . Rammed 2 | . 2 . Targets Rammed 2 | . 2 . Kicked . | . . . Crushed . | . . . Highest Temperature 35 | . 30 35 Average Temperature 11 | . 9 14 Received Heat Transfer 617 | . 306 311 Siege Activations . | . . . Martial Activations . | . . . Shielding Activations . | . . . Robots Disrupted . | . . . Combat Hostiles . | . . . Robots Corrupted . | . . . Combat Hostiles . | . . . Parts Fried . | . . . Impact Corruptions . | . . . Robots Melted . | . . . Combat Hostiles . | . . . Parts Melted . | . . . Heat Transferred . | . . . Parts Sabotaged . | . . . Parts Stolen . | . . . Parts Stripped . | . . . Power Chain Reactions . | . . . Alert | -11 -10 -10 ------- Run | Yrd Mat Min Maximum Alert Level . | . . . Low Security (%) 100 | 100 100 100 Level 1 . | . . . Level 2 . | . . . Level 3 . | . . . Level 4 . | . . . Level 5 . | . . . High Security . | . . . Max Security . | . . . Peak Influence 110 | 15 110 60 Initial . | . . . Average 11 | 2 13 9 Influence Increases 450 | 30 270 150 Destroy 0b10 Robot/C 280 | . 180 100 Destroy 0b10 Robot/NC 50 | 30 20 . Destroy Leader 66 | . 46 20 Successful Hack 24 | . 24 . Lose Combat Pursuer 30 | . . 30 Influence Decreases 450 | 30 270 150 Time Decay 428 | 30 250 148 Lost Part 22 | . 20 2 Squads Dispatched 3 | . 3 . Investigation 1 | . 1 . Extermination . | . . . Reinforcement 2 | . 2 . Assault . | . . . Garrison . | . . . Intercept . | . . . Searches Triggered . | . . . Construction Impeded . | . . . Haulers Reinforced . | . . . Active Scanning Responses . | . . . Cargo Convoy Interrupts . | . . . Stealth | -11 -10 -10 --------- Run | Yrd Mat Min Distress Signals 2 | . 2 . Communications Jammed . | . . . Distress Signals . | . . . Times Spotted 54 | . 25 29 Peak Tracking Total 12 | . 8 12 Tactical Retreats 3 | . . 3 Traps | -11 -10 -10 ------- Run | Yrd Mat Min Traps Triggered 2 | . 2 . Indirectly . | . . . Trap Hack Attempts . | . . . Triggered . | . . . Disarmed . | . . . Reprogrammed . | . . . Reused . | . . . Traps Extracted . | . . . Installed . | . . . Triggered . | . . . Machines | -11 -10 -10 ---------- Run | Yrd Mat Min Machines Disabled . | . . . Max in Single Turn . | . . . Machines Repaired . | . . . Machines Dismantled . | . . . Machines Sabotaged . | . . . Overloaded Fab Kills . | . . . Hacking | -11 -10 -10 --------- Run | Yrd Mat Min Machines Accessed 8 | . 8 . Terminals 7 | . 7 . Fabricators . | . . . Repair Stations 1 | . 1 . Recycling Units . | . . . Scanalyzers . | . . . Garrison Access . | . . . Total Hacks 20 | . 20 . Successful 11 | . 11 . Failed 9 | . 9 . Catastrophic . | . . . Database Lockouts . | . . . Manual 17 | . 17 . Terminals 18 | . 18 . Fabricators . | . . . Repair Stations 2 | . 2 . Recycling Units . | . . . Scanalyzers . | . . . Garrison Access . | . . . Terminal Hacks 1 | . 1 . Prototype ID Bank 1 | . 1 . Fabricator Hacks . | . . . Repair Station Hacks 2 | . 2 . Scan Component 1 | . 1 . Repair 1 | . 1 . Recycling Unit Hacks . | . . . Scanalyzer . | . . . Garrison Access Hacks . | . . . Unauthorized Hacks 8 | . 8 . Terminals 8 | . 8 . Botnet 5 | . 5 . Skim 3 | . 3 . Fabricators . | . . . Repair Stations . | . . . Recycling Units . | . . . Scanalyzers . | . . . Garrison Access . | . . . Data Cores Recovered . | . . . Used . | . . . Hacking Detections 6 | . 6 . Full Trace Events 1 | . 1 . Feedback Events . | . . . Feedback Blocked . | . . . Robot Schematics Acquired . | . . . Robots Built . | . . . Authchips . | . . . Time . | . . . Total Robot Build Rating . | . . . Part Schematics Acquired . | . . . Parts Built . | . . . Authchips . | . . . Time . | . . . Total Part Build Rating . | . . . Part Studies Acquired . | . . . Parts Repaired 1 | . 1 . Time 26 | . 26 . Parts Recycled . | . . . Recycled Matter . | . . . Retrieved Matter . | . . . Retrieved Components . | . . . Parts Scanalyzed . | . . . Part Schematics Acquired . | . . . Parts Damaged . | . . . Bothacking | -11 -10 -10 ------------ Run | Yrd Mat Min Used RIF Installer . | . . . Robots Hacked . | . . . Non-combat . | . . . Combat . | . . . Robot Hacks Applied . | . . . Relay Couplers Released . | . . . Fabnet Peak Effective % . | . . . Robots Rewired . | . . . Allies Hacked . | . . . Hacks Repelled . | . . . Allies | -11 -10 -10 -------- Run | Yrd Mat Min Total Allies . | . . . Largest Group . | . . . Highest-Rated Group . | . . . Highest-Rated Ally . | . . . Total Orders . | . . . Ally Attacks . | . . . Total Damage . | . . . Kills . | . . . Allies Corrupted . | . . . Allies Melted . | . . . Intel | -11 -10 -10 ------- Run | Yrd Mat Min Active Infowar (turns) 2580 | . 1771 809 Seismic 2580 | . 1771 809 Robot Analysis Total . | . . . Derelict Logs Recovered 1 | . . 1 Drone Launches . | . . . Drone Recoveries . | . . . Exploration | -11 -10 -10 ------------- Run | Yrd Mat Min Turns Passed 2834 | 206 1819 809 Spaces Moved 1112 | 93 743 276 Core 9 | 9 . . Treads 829 | 84 721 24 Legs . | . . . Wheels 274 | . 22 252 Hover . | . . . Flight . | . . . Fastest Speed 50 | 50 160 175 Average Speed 200 | 149 210 189 Slowest Speed 480 | 160 320 480 Overloaded Moves . | . . . Propulsion Burnouts . | . . . Robots Hopped . | . . . Potential Cave-ins . | . . . Cave-ins Triggered . | . . . Exploration Rate (%) 53 | 8 97 55 Regions Visited 2 Branch Regions 1 Pre-discovered Areas 2 | . . 2 Known Exits Taken . | . . . Unknown Exits Taken 2 | 1 1 . Scrap Searched 1 | . . 1 Spaces Dug . | . . . Terrain Destroyed . | . . . Melee . | . . . Projectile . | . . . AOE . | . . . Terrain Rammed . | . . . Walls Destroyed . | . . . Machines Disabled . | . . . Actions | -11 -10 -10 --------- Run | Yrd Mat Min Total 1549 | 131 897 521 Wait 271 | 4 57 210 Move 1110 | 92 742 276 Hop . | . . . Pick Up 38 | 13 20 5 Fast Attach . | . . . Attach 15 | 6 4 5 Detach . | . . . Swap 6 | . 5 1 Drop 9 | . 8 1 Fire 98 | 16 59 23 Melee . | . . . Ram . | . . . Kick . | . . . Crush 2 | . 2 . Escape Stasis . | . . . Rewire . | . . . Trap . | . . . Miscellaneous . | . . . Route ------- -11/Scrapyard -10/Materials (discovered 4 exits: [*Mat x3] / [*Min]) -10/Mines (discovered 2 exits: [*Mat x2]) History --------- Turn | Location | Event 23 | -11/Scrapyard | Discovered new exit (range 16) 207 | -11/Scrapyard | Entered Materials 314 | -10/Materials | Build established: Mutant 513 | -10/Materials | Discovered new exit (range 11) 698 | -10/Materials | Discovered new exit (range 8) 913 | -10/Materials | Discovered new exit (range 12) 1496 | -10/Materials | Discovered new exit (range 16) 1988 | -10/Materials | Repaired Lgt. Treads 2026 | -10/Materials | Entered Mines 2027 | -10/Mines | Learned location of Storage (-7) 2037 | -10/Mines | Discovered new exit (range 8) 2633 | -10/Mines | Discovered new exit (range 8) 2652 | -10/Mines | Assembled infested the area 2657 | -10/Mines | Assisted by a Guerilla fighting off Assembled 2668 | -10/Mines | Learned location of Mines (-9) 2702 | -10/Mines | Core integrity fell below 50% 2774 | -10/Mines | Lost 5 parts (1p2n2w) 2797 | -10/Mines | Core integrity fell below 20% 2835 | -10/Mines | Destroyed by as-35152 with Assembled F-torch Last Messages --------------- 02762_ S-10 Pest destroyed. 02769_ Acquired 15 matter. 02770_ K-01 Serf collects debris. 02778_ The unstable cave ceiling collapses. 02782_ as-22914 sneak attacks. 02783_ The unstable cave ceiling collapses. 02793_ 16 Matter crushed. 02794_ as-24496 destroyed. 02794_ Switching to secondary target: as-22914. 02795_ The unstable cave ceiling collapses. 02797_ as-22914 destroyed. 02798_ R-06 Scavenger destroyed. 02811_ The unstable cave ceiling collapses. 02819_ U-05 Engineer lays Concrete. 02828_ U-05 Engineer destroyed. 02829_ Lgt. Nuclear Core destroyed. 02831_ Critical hit (Destroy). 02831_ Lgt. Treads destroyed. 02832_ U-05 Engineer lays Concrete. 02835_ Assault Rifle destroyed. Map ----- +----------------------------------------------------+ | ?????# #????## #### #?##?## | | ?????# #???## ##??# | | ?????# #??## #???# ######## | | ?????# #??# #???# #??????### | | ?????# #??# #???# #????????? | | ?????# #??# ##???# #????????? | | ?????# #??# #????# #????????# | | ?????# #??## ##?? ????????## | | ?????# #???## ## #?#???????## | | ?????#!#????# #?????????# | | ?????#%#???## ####?????????# | | ?????# #??## ##????????????## | | ?????# #??# ##??????????????# | | ?????# #??# ##???????????????## | | ?????# #??# ###?????????????????# | | ?????# #### #???????????????????# | | ?????# #???????????????????? | | ?????###### #???????????????????? | | ??????????# %#???????????????????? | | ????####### ###?????????????????? | | ????# #?????????????????? | | ????# #?????????????????? | | ????# #?????????????????? | | ???## #?????????????????? | | ??### < * #?????????????????? | | ??# @ u% #?????????????????? | | ??# # a ! #?????????????????? | | ??# # a #?????????????????? | | ??# #a###a ##?????????????????? | | ??# # ##?????????????????? | | ??## # ## %# #?????????????????? | | ???## # ## # #?????????????????? | | ????### # # = #????????????????? | | ??????# % # # #???????????????? | | ??????#% *## #!####????????????? | | ??????# %%=% = ?????? | | ??????###### %!####????????????? | | ??????????? # # #???????????????? | | ??????????? #####???????????????? | | ????????????##???????????????????? | | ?????????????????????????????????? | | ?????????????????????????????????? | | ?????????????????????????????????? | | ?????????????????????????????????? | | ?????????????????????????????????? | | ?????????????????????????????????? | | ?????????????????????????????????? | | | | | | | +----------------------------------------------------+ Best States ------------- Heat Dissipation 25 Energy Generation 14 Energy Capacity 250 Matter Stores 300 Matter Capacity 300 Sight Range 16 Terrain Scan Density 10 Evasion (%) 50 Recoil Reduction 2 Item Schematics ----------------- None Robot Schematics ------------------ None Fabricated ------------ Nothing Repaired ---------- Lgt. Treads | 12% | -10/Materials Studied --------- None Alien Tech Used ----------------- None Achievements -------------- None Challenges ------------ None Game ------ Seed TowerControlField Manual? 0 Play Time 00:10:47 Cumulative 212.6 hours Start 2025.12.24 @ 13:25:26 End 2025.12.24 @ 13:36:05 Sessions 1 Manual Loads 0 Difficulty Rogue Special Mode None Game No. 296 Rogue 296 Adventurer 0 Explorer 0 Win Type - Total 3 Types 2/0/0/1/0/0/0/0/0/0 Lore% 74 Gallery% 73 Achievement% 48 Wizard Run 0 Options --------- Layout 0 ASCII 0 Keyboard 0 Movement Mouse Keybinds 0 Fullscreen 1 Font 16/SmallcapsGlow Map View 75x55 Zoom Use 0% Tactical HUD 1 Map Filters NONE Filters NONE Steam 1 RUN: 92d74220-f2f2-40b6-a61c-a84ca8a9f259